cohdb
Replays
Latest Replays
All Replays
Popular Replays
Top Player Replays
Match Explorer
How It Works
Community
CoH3 Stats
Reddit
Sign in to upload your games and track your stats! →
Sign in with Steam
Match 45849460
Unlisted
Match 45849460
Overview
Messages
Build Orders
End
Panzerpioneer Squad
Panzerpioneer Squad
Selects Italian Infantry
Construct Light Support Kompanie
Panzerpioneer Squad
Selects Defensive Operations
Fire Support Elements
le.IG 18 Support Gun Team
le.IG 18 Support Gun Team
Panzerjäger Squad
Selects Guastatori Squad
Guastatori Squad
Construct Panzerarmee Kommand
Panzerjäger Squad
Panzerjäger Mechanized Group
Selects Prepared Positions
Selects L6/40 Light Tank Combat Group
2.5-tonne Medical Truck
Walking Stuka Rocket Launcher
Selects Towed Cannone da 105/28 Field Howitzer
Selects Obice 305mm Barrage
Walking Stuka Rocket Launcher
Pak 38 Anti-tank Gun Team
Drink||Chouchen
Einhander
janemba914
Bulls 4 Palestine!
Urge to Merge
Shoot Deodorant At India
0
0
Comments
sign in to comment!
No comments posted yet!